 Dungeon Crawl Stone Soup version 0.31-a0-496-g6f97920a28 (webtiles) character file.

Game seed: 968241094041545985

121 jasper the Shooter (level 4, -1/21 HPs)
             Began as a Spriggan Hexslinger on Aug 8, 2023.
             Slain by a gnoll
             ... wielding a +0 spear
              (2 damage)
             ... on level 2 of the Dungeon.
             The game lasted 00:02:13 (1425 turns).

jasper the Shooter (Spriggan Hexslinger)            Turns: 1425, Time: 00:02:13

Health: -1/21      AC:  2    Str:  4    XL:     4   Next: 77%
Magic:  7/7        EV: 17    Int: 14    God:
Gold:   69         SH:  0    Dex: 19    Spells: 4/5 levels left

rFire   . . .        a - +1 sling
rCold   . . .        (no shield)
rNeg    . . .        c - +0 robe
rPois   .            (helmet restricted)
rElec   .            (no cloak)
rCorr   .            (gloves unavailable)
SInv    +            (boots unavailable)
Will    .....        (no amulet)
Stlth   ++           (no ring)
HPRegen 0.23/turn    (no ring)
MPRegen 0.10/turn

%: no passive effects
@: very quick
A: very small, no large weapons, unfitting armour, see invisible, speed 3
a: no special abilities


You were on level 2 of the Dungeon.
You visited 1 branch of the dungeon, and saw 2 of its levels.

You collected 69 gold pieces.

Inventory:

Hand Weapons
 a - a +1 sling (weapon)
Armour
 c - a +0 robe (worn)
 l - a scarf of shadows
Scrolls
 b - a scroll of poison
 d - a scroll of immolation
 f - a scroll of fear
 g - a scroll of identify
Potions
 e - 2 potions of mutation {unknown}
 h - 2 potions of might {unknown}
 i - a potion of lignification
 j - a potion of heal wounds {unknown}
 k - a potion of brilliance {unknown}


   Skills:
 - Level 0.7 Fighting
 + Level 5.1 Ranged Weapons
 - Level 2.6 Dodging
 - Level 1.3 Spellcasting
 - Level 3.6 Hexes


You had 4 spell levels left.
You knew the following spells:

 Your Spells              Type           Power      Damage    Failure   Level
a - Slow                  Hex            44%        N/A       6%          1

Your spell library contained the following spells:

 Spells                   Type           Power      Damage    Failure   Level
 Inner Flame              Hex/Fire       6%         N/A       36%         3
 Portal Projectile        Hex/Tloc       12%        N/A       36%         3
 Cause Fear               Hex            5%         N/A       50%         4


Dungeon Overview and Level Annotations

Branches:
Dungeon (2/15)

Altars:


Innate Abilities, Weirdness & Mutations

You are very small and have problems with some larger weapons.
You are too small for most types of armour.
You have supernaturally acute eyesight. (SInv)
You cover ground extremely quickly. (Speed+++)


Message History

Press: ? - help, Q - select action, (/) - cycle Shift-Dir - straight line, f/p - gnoll
Aim: a gnoll, wielding a +0 spear (moderately wounded, 65% to hit)
You shoot a sling bullet.
The sling bullet closely misses the gnoll.
The gnoll completely misses you.
Fire: a) +1 sling
Press: ? - help, Q - select action, (/) - cycle Shift-Dir - straight line, f/p - gnoll
Aim: a gnoll, wielding a +0 spear (moderately wounded, 65% to hit)
You shoot a sling bullet.
The sling bullet closely misses the gnoll.
The gnoll closely misses you.
Fire: a) +1 sling
Press: ? - help, Q - select action, (/) - cycle Shift-Dir - straight line, f/p - gnoll
Aim: a gnoll, wielding a +0 spear (moderately wounded, 65% to hit)
You shoot a sling bullet. The sling bullet hits the gnoll.
The gnoll is heavily wounded.
The gnoll hits you from afar with a +0 spear!
* * * LOW HITPOINT WARNING * * *
You take 6 damage, and have 5/21 hp.
MASSIVE DAMAGE!!
Fire: a) +1 sling
Press: ? - help, Q - select action, (/) - cycle Shift-Dir - straight line, f/p - gnoll
Aim: a gnoll, wielding a +0 spear (heavily wounded, 65% to hit)
You shoot a sling bullet. The sling bullet hits the gnoll.
The gnoll is almost dead.
The gnoll barely misses you.
Fire: a) +1 sling
Press: ? - help, Q - select action, (/) - cycle Shift-Dir - straight line, f/p - gnoll
Aim: a gnoll, wielding a +0 spear (almost dead, 65% to hit)
You shoot a sling bullet.
The sling bullet closely misses the gnoll.
The gnoll completely misses you.
Fire: a) +1 sling
Press: ? - help, Q - select action, (/) - cycle Shift-Dir - straight line, f/p - gnoll
Aim: a gnoll, wielding a +0 spear (almost dead, 65% to hit)
You shoot a sling bullet.
The sling bullet barely misses the gnoll.
The gnoll hits you from afar with a +0 spear.
* * * LOW HITPOINT WARNING * * *
The gnoll hits you from afar with a +0 spear.
You die...

#################.#.....#########
#<#.g...#.#...###########
#.#.###.#.#...# #........
#.#.#.#.#.#...# #.####...
#.#g#.#.#.###.###.#..'...
#.#g#...........#.#.##...
########.#g####.####..##.#.##...
#........#.#.....g....##.#.##...
##.########.#.##@###...##.#.##...
#......... #.....##.[.##.#.##...
#..#############).##...##.#.##...
#..#..............#....##.#.#....
#..#.............<#..#.##.#...###
#..##############.#..#.##.#..##..
#......)..........#..#.##.#..#...
#....................#.##.#..#...
####################.#.##....#...


You could see a gnoll.

Vanquished Creatures
  Jessica (D:2)
  3 gnolls (D:2)
  3 adders (D:2)
  A dart slug (D:2)
  5 endoplasms
  A giant cockroach (D:1)
  3 hobgoblins (D:1)
  2 jackals (D:1)
  3 kobolds
  2 quokkas (D:2)
  4 ball pythons
  4 bats
  A frilled lizard (D:2)
  3 goblins
  2 rats (D:1)
38 creatures vanquished.

Notes
Turn   | Place    | Note
-------+----------+-------------------------------------------
     0 | D:1      | jasper the Spriggan Hexslinger began the quest for the Orb.
     0 | D:1      | Reached XP level 1. HP: 9/9 MP: 3/3
    77 | D:1      | Reached XP level 2. HP: 14/14 MP: 5/5
    81 | D:1      | Found a faded altar of an unknown god.
   151 | D:1      | Reached skill level 3 in Ranged Weapons
   672 | D:2      | Reached XP level 3. HP: 10/17 MP: 6/6
   811 | D:2      | Reached skill level 4 in Ranged Weapons
  1045 | D:2      | Noticed Jessica
  1053 | D:2      | Killed Jessica
  1054 | D:2      | Reached XP level 4. HP: 19/21 MP: 7/7
  1402 | D:2      | Reached skill level 5 in Ranged Weapons
  1425 | D:2      | HP: 1/21 [gnoll/+0 spear (4)]
  1425 | D:2      | Slain by a gnoll

Illustrated notes

Levels and vault maps discovered:
D:1:      scummos_arrival_simple_fountains, layout_rooms,
          nicolae_ecumenical_snake_handling
D:2:      layout_basic, kennysheep_jessica_study

Skill      XL: |  1  2  3  4 |
---------------+-------------+-----
Ranged Weapons | 3 4 5 |  5.1
Fighting       | |  0.7
Dodging        | |  2.6
Spellcasting   | |  1.3
Hexes          | |  3.6

Action                     |  1- 3 |  4- 6 || total
---------------------------+-------+-------++-------
   Fire: Sling             |   114 |    42 ||   156
    Use: Scroll            |     3 |       ||     3
 Armour: Robe              |     3 |       ||     3
  Dodge: Dodged            |    55 |    14 ||    69

Table legend: (Time is in decaauts)
 A = Elapsed time spent in this place.
 B = Non-inter-level travel time spent in this place.
 C = Inter-level travel time spent in this place.
 D = Time resting spent in this place.
 E = Time spent auto-exploring this place.
 F = Levels seen in this place.
 G = Mean time per level.
                   A        B        C        D        E       F      G
               +--------+--------+--------+--------+--------+-----+--------+
         Total |   1039 |   1026 |     13 |     30 |    748 |   2 |  519.5 |
       Dungeon |   1039 |   1026 |     13 |     30 |    748 |   2 |  519.5 |
               +--------+--------+--------+--------+--------+-----+--------+

Top non-repeatable levels by time:
     D:2: 668 daAuts
     D:1: 370 daAuts
